 Dungeon Crawl Stone Soup version 0.30-a0-782-ge64f9170bb (webtiles) character file.

Game seed: 5672423060156226890

273 HoaS the Shooter (level 5, -1/41 HPs)
             Began as a Demigod Hunter on Feb 19, 2023.
             Killed from afar by a white imp (4 damage)
             ... with a puff of frost
             ... on level 5 of the Dungeon.
             The game lasted 00:05:30 (3593 turns).

HoaS the Shooter (Demigod Hunter)                   Turns: 3593, Time: 00:05:30

Health: -1/41      AC:  5    Str: 12    XL:     5   Next: 71%
Magic:  7/7        EV: 12    Int: 11    God:
Gold:   150        SH:  0    Dex: 21    Spells: 4/4 levels left

rFire   . . .      SeeInvis .    a - +0 shortbow
rCold   . . .      Faith    .    (shield currently unavailable)
rNeg    . . .      Spirit   .    c - +0 leather armour
rPois   .          Reflect  .    e - +1 hat
rElec   .          Harm     .    (no cloak)
rCorr   .          Rampage  .    (no gloves)
Will    .....                    i - +0 pair of boots
Stlth   ++                       h - amulet of the acrobat
HPRegen 0.26/turn                (no ring)
MPRegen 0.10/turn                (no ring)

@: no status effects
A: high MP 1, forlorn, divine attributes
a: no special abilities


You were on level 5 of the Dungeon.
You visited 1 branch of the dungeon, and saw 5 of its levels.

You collected 150 gold pieces.

Inventory:

Hand Weapons
 a - a +0 shortbow (weapon)
Armour
 c - a +0 leather armour (worn)
 e - a +1 hat (worn)
 i - a +0 pair of boots (worn)
Jewellery
 h - an amulet of the acrobat (around neck)
Scrolls
 b - 2 scrolls of immolation
Potions
 d - a potion of flight
 f - 2 potions of cancellation {unknown}
 g - a potion of mutation
 j - 2 potions of curing {unknown}
 k - a potion of brilliance {unknown}


   Skills:
 - Level 1.7 Fighting
 + Level 6.7 Ranged Weapons
 - Level 1.7 Dodging
 - Level 0.8 Stealth


You had 4 spell levels left.
You didn't know any spells.
Your spell library contained the following spells:

 Spells                   Type           Power      Damage    Failure   Level
 Apportation              Tloc           0%         N/A       41%         1
 Kiss of Death            Conj/Necr      0%         2d5       41%         1
 Necrotise                Necr           0%         1d4       41%         1
 Summon Small Mammal      Summ           0%         N/A       41%         1
 Cigotuvi's Dreadful Rot  Necr/Pois/Air  0%         N/A       56%         2
 Poisonous Vapours        Pois/Air       0%         N/A       56%         2
 Confusing Touch          Hex            0%         N/A       80%         3
 Mephitic Cloud           Conj/Pois/Air  0%         N/A       80%         3
 Ozocubu's Armour         Ice            0%         N/A       80%         3
 Vampiric Draining        Necr           0%         2d6       80%         3
 Dispel Undead            Necr           0%         3d6       99%         4
 Agony                    Necr           0%         N/A       100%        5
 Death Channel            Necr           0%         N/A       100%        6
 Ozocubu's Refrigeration  Ice            0%         4d7       100%        7


Dungeon Overview and Level Annotations

Branches:
Dungeon (5/15)
 Temple: D:4-7


Innate Abilities, Weirdness & Mutations

You have an increased reservoir of magic. (+10% MP)
You shall have no god before yourself.
Your divine heritage dramatically boosts your attributes as you level up.


Message History

The jackal bites you but does no damage.
You shoot an arrow.
The arrow hits the jackal but does no damage.
The jackal is severely wounded.
The jackal bites you but does no damage.
You shoot an arrow. The arrow hits the jackal!
You kill the jackal!
The white imp hits you. The white imp freezes you.
You shoot an arrow.
The arrow hits the white imp but does no damage.
The white imp is lightly wounded.
The white imp gestures at you. The puff of frost hits you.
You shoot an arrow. The arrow closely misses the white imp.
The arrow hits the steam dragon!
The steam dragon is moderately wounded.
The white imp closely misses you.
You shoot an arrow. The arrow closely misses the white imp.
The arrow hits the steam dragon.
The steam dragon is heavily wounded.
The white imp gestures at you. The puff of frost hits you.
You shoot an arrow. The arrow closely misses the white imp.
The arrow barely misses the steam dragon.
The white imp barely misses you.
You shoot an arrow. The arrow barely misses the white imp.
The arrow hits the steam dragon!
The steam dragon is severely wounded.
The white imp gestures at you. The puff of frost misses you.
The white imp barely misses you.
You shoot an arrow. The arrow closely misses the white imp.
The arrow barely misses the steam dragon.
The white imp gestures at you. The puff of frost hits you!
* * * LOW HITPOINT WARNING * * *
You shoot an arrow. The arrow hits the white imp.
The white imp is severely wounded.
The white imp gestures at you. The puff of frost hits you.
You die...

#.<......####
#............
##...........
##.........#
#..........#
#..........
##........##
##.........
##[.....##
#.........
##[...##
.......). ###
#...## ........
##@# ##..##
.......## ##5##
##..##
.......D######D##
##..##
......##5..##.##
##..## hD.###
####...#####..##
.# ####...#..##
####..## ##.# ###


You could see a steam dragon and a white imp.

Vanquished Creatures
  3 orc priests
  Jessica (D:3)
  6 adders
  A worm (D:2)
  3 dart slugs
  12 orcs (D:3)
  8 bats
  6 endoplasms
  5 giant cockroaches
  5 goblins
  2 hobgoblins
  5 jackals
  3 kobolds
  4 quokkas
  8 ball pythons
  3 frilled lizards (D:2)
  8 rats
83 creatures vanquished.

Notes
Turn   | Place    | Note
-------+----------+-------------------------------------------
     0 | D:1      | HoaS the Demigod Hunter began the quest for the Orb.
     0 | D:1      | Reached XP level 1. HP: 17/17 MP: 3/3
   171 | D:1      | Reached skill level 4 in Ranged Weapons
   230 | D:1      | Reached XP level 2. HP: 21/24 MP: 4/4
   768 | D:2      | Reached XP level 3. HP: 29/29 MP: 5/5
  1098 | D:2      | Reached skill level 5 in Ranged Weapons
  1548 | D:3      | Reached XP level 4. HP: 36/36 MP: 6/6
  1694 | D:3      | Noticed Jessica
  1695 | D:3      | Killed Jessica
  1999 | D:3      | Reached skill level 6 in Ranged Weapons
  2040 | D:3      | Reached XP level 5. HP: 41/41 MP: 7/7
  2913 | D:4      | Identified the +5 trident "Jeusipn" {heavy, Will+ Str+5}
  2922 | D:4      | Identified the +0 plate armour "Voafisu" {rF+ Regen+ Str+3}
  3534 | D:5      | Entered Level 5 of the Dungeon
  3566 | D:5      | Noticed a steam dragon
  3592 | D:5      | HP: 2/41 [white imp/puff of frost (10)]
  3593 | D:5      | Killed from afar by a white imp

Illustrated notes

Levels and vault maps discovered:
D:1:      amcnicky_arrival_choice, layout_basic
D:2:      layout_loops_cross, basic_altar, amcnicky_mini_pool_small,
          kennysheep_generic_room_14
D:3:      layout_loops_cross, mainiacjoe_overflow_catwalk, uniq_jessica
D:4:      layout_loops_ring, marbit_many_paths, tso_altar,
          okawaru_ov_weapons_minmay, kennysheep_doodads, due_unseen_surprise
D:5:      layout_cave_pods, lemuel_round_altar, temple_doors_cd,
          nicolae_nh_oracle_at_delphi, uniq_grinder

Skill      XL: |  1  2  3  4 |
---------------+-------------+-----
Ranged Weapons | 4 5 6 |  6.7
Fighting       | |  1.7
Dodging        | |  1.7
Stealth        | |  0.8

Action                     |  1- 3 |  4- 6 || total
---------------------------+-------+-------++-------
   Fire: Shortbow          |   131 |   128 ||   259
    Use: Scroll            |     2 |     2 ||     4
 Armour: Leather armour    |    12 |    26 ||    38
  Dodge: Dodged            |    51 |    57 ||   108

Table legend: (Time is in decaauts)
 A = Elapsed time spent in this place.
 B = Non-inter-level travel time spent in this place.
 C = Inter-level travel time spent in this place.
 D = Time resting spent in this place.
 E = Time spent auto-exploring this place.
 F = Levels seen in this place.
 G = Mean time per level.
                   A        B        C        D        E       F      G
               +--------+--------+--------+--------+--------+-----+--------+
         Total |   3667 |   3531 |    136 |    700 |   2271 |   5 |  733.4 |
       Dungeon |   3667 |   3531 |    136 |    700 |   2271 |   5 |  733.4 |
               +--------+--------+--------+--------+--------+-----+--------+

Top non-repeatable levels by time:
     D:3: 1275 daAuts
     D:2: 809 daAuts
     D:4: 793 daAuts
     D:1: 727 daAuts
     D:5: 62 daAuts
